 Dungeon Crawl Stone Soup version 0.31.0 (webtiles) character file.

Game seed: 13686086250685062074

97 qw the Shooter (level 4, 0/28 HPs)
             Began as a Gargoyle Hunter on Jan 19, 2024.
             Slain by a goblin
             ... wielding a +0 club
             ... led by Robin
              (3 damage)
             ... on level 2 of the Dungeon.
             The game lasted 00:00:03 (850 turns).

qw the Shooter (Gargoyle Hunter)                     Turns: 850, Time: 00:00:04

Health: 0/28       AC:  6    Str: 15    XL:     4   Next: 68%
Magic:  4/4        EV: 11    Int:  9    God:
Gold:   33         SH:  0    Dex: 15    Spells: 3/3 levels left

rFire   . . .        d - +3 hand cannon (flame)
rCold   . . .        (no shield)
rNeg    + . .        c - +0 leather armour
rPois   inf          (no helmet)
rElec   +            (no cloak)
rCorr   .            (no gloves)
SInv    .            (no boots)
Will    .....        (no amulet)
Stlth   ++           (no ring)
HPRegen 0.24/turn    (no ring)
MPRegen 0.09/turn

%: no passive effects
@: no status effects
A: sickness immunity, AC +3, negative energy resistance 1, electricity
resistance, torment resistance 1, petrification resistance
a: no special abilities


You were on level 2 of the Dungeon.
You visited 1 branch of the dungeon, and saw 2 of its levels.

You collected 33 gold pieces.


Innate Abilities, Weirdness & Mutations

You are immune to sickness and miasma.
Your stone body is resilient. (AC +3)
You are immune to poison.
You resist negative energy. (rN+)
You are resistant to electric shocks. (rElec)
You are resistant to unholy torment.
You are immune to petrification.


   Skills:
 - Level 3.2 Fighting
 + Level 5.4 Ranged Weapons
 - Level 1.5 Dodging
 - Level 1.1 Stealth


You had 3 spell levels left.
You didn't know any spells.
Your spell library was empty.

Inventory:

Hand Weapons
 d - a +3 hand cannon of flaming (weapon)
Armour
 c - a +0 leather armour (worn)
Jewellery
 a - a ring of protection from cold

Dungeon Overview and Level Annotations

Branches:
Dungeon (2/15)

Altars:

Annotations:
D:2 Robin


Message History

Robin laughs in a distinctly smug fashion.
The goblin hits you with a +0 club.
A goblin comes into view. It is wielding a +0 club.
The goblin shoots a sling bullet.
The sling bullet closely misses you.
You shoot a bolt. The bolt hits the goblin!!
The bolt burns the goblin.
You kill the goblin!
You hear a shout!
Robin throws the goblin at you! The goblin hits you with a +0 club.
The goblin misses you.
The goblin shoots a sling bullet.
The sling bullet hits you but does no damage.
The goblin hits you but does no damage.
A goblin comes into view. It is wielding a +0 dagger.
Robin throws the goblin at you! The goblin closely misses you.
You shoot a bolt. The bolt hits the goblin.
The bolt burns the goblin.
You kill the goblin!
You hear a shout!
Robin roars a battlecry!
The goblins go into a battle-frenzy!
The goblin hits you but does no damage. x2
The ball python bites you but does no damage.
The ball python barely misses you.
You shoot a bolt. The bolt hits the ball python!
The bolt burns the ball python.
You kill the ball python!
A hobgoblin comes into view.
Robin roars a battlecry!
The goblin hits you with a +0 club. x2; The goblin shoots a sling bullet.
The sling bullet hits you but does no damage.
The goblin closely misses you. The goblin barely misses you.
You shoot a bolt. The bolt barely misses the goblin.
The goblin hits you with a +0 club. The goblin misses you.
A hobgoblin comes into view.
The goblin hits you but does no damage.
The goblin unwields a +0 sling.
The goblin wields a +0 club.
The goblin hits you but does no damage. The goblin closely misses you. x3
You shoot a bolt. The bolt hits the goblin.
The bolt burns the goblin.
You kill the goblin!
The goblin hits you but does no damage. The goblin hits you with a +0 club. x3
You shoot a bolt. The bolt closely misses the goblin.
The goblin hits you but does no damage. x2; The goblin hits you with a +0 club.
You die...

.##....<.........
............###.#
............##..# #
............##.# .#
..#............## ##.#
.##.............##...#
.##.........#......####)
#############..gg.....))
.# ##.)@g.gg... .#
#.0)g###..# .# #.###..
## .... .## # ....# #
.....!# ##.... ...


You could see Robin, 2 hobgoblins and 3 goblins.

Vanquished Creatures
  Natasha (twice) (D:2)
  2 dart slugs (D:1)
  4 bats (D:1)
  2 endoplasms (D:1)
  2 giant cockroaches
  8 goblins
  2 hobgoblins (D:1)
  7 jackals
  A quokka (D:1)
  3 ball pythons
  2 frilled lizards
  3 kobolds (D:1)
  2 rats (D:1)
40 creatures vanquished.

Notes
Turn   | Place    | Note
-------+----------+-------------------------------------------
     0 | D:1      | qw the Gargoyle Hunter began the quest for the Orb.
     0 | D:1      | Reached XP level 1. HP: 12/12 MP: 1/1
     0 | D:1      | 0 ||| qw: Version: 0.3-a-132-g3d54051
     0 | D:1      | 0 ||| qw: Game counter: 85
     0 | D:1      | 0 ||| qw: Melee chars always use a shield: true
     0 | D:1      | 0 ||| qw: God list: Okawaru
     0 | D:1      | 0 ||| qw: Allow faded altars: false
     0 | D:1      | 0 ||| qw: Do Orc after clearing Dungeon:15 true
     0 | D:1      | 0 ||| qw: Do second Lair branch before Depths: true
     0 | D:1      | 0 ||| qw: Lair rune preference: random
     0 | D:1      | 0 ||| qw: Goals: Normal
     0 | D:1      | 0 ||| PLANNING D:1-11
    75 | D:1      | Reached XP level 2. HP: 10/17 MP: 2/2
   378 | D:1      | Reached XP level 3. HP: 18/21 MP: 3/3
   495 | D:1      | Found a faded altar of an unknown god.
   505 | D:1      | Reached skill level 5 in Ranged Weapons
   748 | D:1      | 748 ||| READING scroll labelled AJYRE KUMEG.
   748 | D:1      | Identified a scroll of acquirement
   748 | D:1      | 748 ||| ACQUIRING +3 hand cannon of flaming
   748 | D:1      | Acquired a +3 hand cannon of flaming
   750 | D:1      | 750 ||| SWAPPING to +3 hand cannon of flaming.
   751 | D:1      | 751 ||| DROPPING +0 shortbow.
   752 | D:1      | 752 ||| READING scroll labelled ITERUOSIRI.
   753 | D:1      | 753 ||| DROPPING scroll of butterflies.
   793 | D:2      | Noticed Natasha
   794 | D:2      | Killed Natasha
   795 | D:2      | Reached skill level 3 in Fighting
   795 | D:2      | Reached XP level 4. HP: 28/28 MP: 4/4
   819 | D:2      | Noticed Natasha
   820 | D:2      | Killed Natasha
   842 | D:2      | Noticed Robin
   849 | D:2      | HP: 5/28 [goblin/+0 club[Robin] (6)]
   849 | D:2      | HP: 2/28 [goblin/+0 club[Robin] (3)]
   850 | D:2      | Slain by a goblin

Levels and vault maps discovered:
D:1:      ebering_trefoil_twist, layout_basic, basic_ecumenical_altar
D:2:      minmay_diamond_boxcup, layout_rooms, grunt_ministairs_13, uniq_robin,
          uniq_natasha

Skill      XL: |  1  2  3 |
---------------+----------+-----
Ranged Weapons | 5 |  5.4
Fighting       | 3 |  3.2
Dodging        | |  1.5
Stealth        | |  1.1

Action                     |  1- 3 |  4- 6 || total
---------------------------+-------+-------++-------
   Fire: Shortbow          |   103 |       ||   103
         Hand cannon       |     4 |    16 ||    20
    Use: Scroll            |     2 |       ||     2
 Armour: Leather armour    |    56 |    25 ||    81
  Dodge: Dodged            |    53 |    12 ||    65

Table legend:
 A = Non-vault XP
 B = Vault XP
 C = Vault XP percentage of total XP
 D = Non-vault monster count
 E = Vault monster count
 F = Vault count percentage of total count
                 A         B        C        D         E       F
            +---------+---------+-------+---------+---------+-------
      Total |      90 |      49 |  35.3 |      31 |       9 |  22.5
            +---------+---------+-------+---------+---------+-------
        D:1 |      47 |       0 |   0.0 |      26 |       0 |   0.0
        D:2 |      43 |      49 |  53.3 |       5 |       9 |  64.3
            +---------+---------+-------+---------+---------+-------
